Map: Altitude LE

Players

A.I. 1 (Elite)

  • Race: Zerg Zerg
  • Spawn Location: 7:00

Toughlove - Winner!

  • Race: Zerg Zerg
  • League: Platinum
  • Spawn Location: 1:00

VOD

Have the link to the VOD?

Description

Current version is 16 hatch; 18 pool; 20 hatch. I intentionally supply block at 28 and make Roach Warren, 2 Ovi. From there, it's another Ovi around 35 and then take gasses anytime 2:50 or after depending on how greedy the other player is.

Time

  • Played on: April 7, 2023, 9 p.m.
  • Length: 10:57
Show
View Real Time Build Order
Export as new Build Order

A.I. 1 (Elite) Zerg 

Build Orders: Pool First 

Get SALT Encoding   

  12  0:00  Drone  
  13  0:12  Overlord  
  13  0:17  Drone  
  14  0:30  Drone x2  
  14  0:33  Drone  
  17  0:47  Spawning Pool  
  17  0:49  Drone  
  17  0:55  Drone  
  18  0:58  Extractor  
  17  1:06  Drone  
  18  1:16  Drone  
  19  1:27  Overlord  
  19  1:36  Queen  
  19  1:38  Zergling x2  
  22  1:48  Drone  
  23  1:59  Drone  
  24  2:01  Roach Warren  
  24  2:02  Extractor  
  22  2:10  Drone  
  22  2:12  Queen  
  25  2:21  Drone  
  26  2:31  Overlord  
  26  2:43  Drone x3  
  29  2:54  Drone  
  30  3:04  Drone  
  31  3:14  Roach, Zergling x2  
  31  3:15  Drone  
  31  3:16  Zergling x2  
  36  3:26  Lair  
  38  3:27  Roach  
  38  3:31  Metabolic Boost  
  38  3:38  Overlord  
  38  3:56  Roach x2, Drone  
  44  4:02  Drone  
  44  4:11  Overlord  
  44  4:12  Drone x2  
  46  4:24  Evolution Chamber, Drone  
  46  4:29  Drone  
  46  4:30  Evolution Chamber  
  46  4:36  Drone  
  47  4:40  Infestation Pit, Drone x3  
  49  4:47  Drone  
  49  4:52  Zerg Missile Weapons Level 1  
  50  4:56  Zerg Ground Armor Level 1  
  50  4:58  Drone  
  51  5:08  Drone, Overlord  
  51  5:09  Drone  
  51  5:10  Drone  
  54  5:27  Roach  
  56  5:31  Overlord, Hatchery  
  55  5:36  Ravager  
  55  5:37  Hydralisk Den, Infestor  
  55  5:38  Roach  
  59  5:49  Roach, Infestor  
  63  5:53  Overlord  
  63  6:04  Roach  
  63  6:06  Roach  
  63  6:08  Hydralisk  
  63  6:11  Hydralisk  
  69  6:16  Overlord  
  71  6:24  Ravager  
  72  6:27  Roach  
  74  6:35  Roach x2, Overlord  
  78  6:41  Hydralisk  
  78  6:42  Drone  
  81  6:49  Drone  
  81  6:53  Drone  
  83  7:00  Drone, Extractor  
  82  7:03  Drone, Extractor  
  82  7:04  Roach x2, Drone  
  87  7:11  Overlord  
  87  7:14  Overseer, Drone  
  88  7:23  Roach  
  88  7:25  Drone  
  91  7:31  Overlord  
  91  7:32  Roach x2  
  91  7:34  Roach  
  91  7:36  Roach  
  99  7:45  Drone  
  99  7:46  Drone  
  101  7:55  Overlord  
  101  7:57  Drone  
  102  8:00  Roach  
  102  8:01  Roach x2  
  108  8:07  Hydralisk, Infestor  
  112  8:17  Overlord  
  112  8:19  Drone  
  112  8:29  Infestor  
  114  8:53  Spine Crawler  
  114  8:54  Pathogen Glands  
  114  8:55  Spine Crawler, Drone  
  112  8:56  Spine Crawler  
  112  8:57  Drone, Hatchery  
  112  8:59  Drone  
  112  9:03  Zergling x2  
  112  9:04  Zergling x2  
  113  9:10  Hydralisk  
  113  9:15  Lurker Den  
  114  9:24  Zergling x2  
  113  9:26  Zergling x2  
  113  9:29  Queen  
  111  9:34  Drone  
  111  9:35  Lurker Den, Drone  
  111  9:36  Drone x3  
  111  9:37  Spore Crawler  
  106  9:40  Spore Crawler, Drone  
  106  9:44  Zergling x2  
  103  9:59  Drone  
  102  10:00  Drone  
  102  10:04  Spawning Pool  
  67  10:23  Drone  
  56  10:32  Drone  
  46  10:35  Drone  
  46  10:36  Drone  
Show
View Real Time Build Order
Export as new Build Order

Toughlove Zerg - Winner!

Build Orders: Hatch First 

Get SALT Encoding   

  12  0:00  Drone  
  13  0:14  Overlord  
  13  0:18  Drone  
  14  0:36  Drone x2  
  16  0:49  Hatchery  
  15  0:53  Drone  
  16  0:57  Drone  
  16  1:00  Drone  
  18  1:14  Spawning Pool  
  18  1:18  Drone  
  18  1:21  Drone  
  19  1:31  Drone  
  20  1:44  Drone  
  21  1:55  Drone  
  22  2:03  Queen  
  22  2:04  Queen  
  22  2:07  Zergling x4  
  28  2:13  Hatchery  
  27  2:19  Drone  
  27  2:21  Overlord  
  28  2:25  Overlord  
  28  2:34  Roach Warren  
  28  2:36  Drone  
  28  2:45  Drone x3  
  31  2:51  Queen  
  31  2:56  Overlord  
  33  3:03  Drone  
  33  3:04  Drone  
  35  3:19  Drone x2  
  38  3:20  Drone x3  
  38  3:21  Drone  
  41  3:28  Drone x3  
  44  3:38  Extractor  
  44  3:39  Extractor  
  44  3:41  Extractor  
  41  3:43  Drone x3, Extractor  
  43  3:52  Drone x3  
  46  3:58  Queen  
  46  4:01  Queen  
  50  4:13  Drone x3  
  50  4:15  Overlord x2  
  53  4:19  Roach x2  
  57  4:34  Roach x3  
  57  4:35  Roach x3  
  57  4:38  Overlord x2  
  69  4:46  Drone  
  69  4:47  Drone x4  
  74  5:08  Roach  
  74  5:09  Roach x7  
  74  5:13  Lair  
  90  5:17  Overlord x2  
  90  5:39  Roach x8  
  90  5:41  Overlord  
  90  5:42  Overlord  
  106  5:53  Overlord x3  
  106  6:02  Drone  
  106  6:03  Drone  
  106  6:04  Drone  
  109  6:05  Drone  
  109  6:09  Drone x2  
  112  6:13  Hatchery  
  112  6:17  Ravager x4  
  115  6:20  Roach  
  115  6:21  Roach x2  
  121  6:26  Glial Reconstitution  
  121  6:32  Evolution Chamber  
  120  6:34  Evolution Chamber  
  120  6:37  Drone, Extractor  
  120  6:38  Drone x2  
  120  6:39  Drone  
  123  6:40  Drone x4  
  123  6:43  Drone x2  
  123  6:46  Drone x2  
  130  6:47  Drone  
  130  7:06  Overseer  
  130  7:07  Roach  
  130  7:08  Roach x2  
  136  7:10  Overlord x3  
  136  7:11  Overlord  
  136  7:26  Roach  
  136  7:27  Roach x2  
  142  7:30  Roach  
  142  7:31  Roach x6  
  156  7:37  Ravager x3  
  156  7:38  Ravager x2  
  156  7:44  Zerg Missile Weapons Level 1, Zerg Ground Armor Level 1  
  161  7:59  Extractor  
  161  8:00  Drone x3  
  161  8:02  Drone x2  
  161  8:05  Drone, Hatchery  
  166  8:06  Drone x6  
  166  8:11  Drone  
  166  8:12  Drone x2  
  174  8:17  Spine Crawler  
  174  8:19  Roach  
  175  8:22  Overlord x3  
  175  8:33  Overlord  
  175  8:34  Overlord x3  
  173  9:22  Roach x13  
  173  9:23  Roach x2  
  197  9:30  Spine Crawler  
  195  9:36  Spine Crawler  
  195  9:37  Spine Crawler  
  195  9:38  Spine Crawler  
  176  9:53  Roach x5  
  176  9:54  Roach x6  
  188  10:24  Roach x7  
Tags
 
League
Platinum
Matchup
ZvZ
Race
Zerg
Spawn Locations
Cross Positions
Add a new tag
Caveats
  • Supply blocks, unpowered buildings, or Contaminate may cause inaccurate times.
  • Supply counts are checked every 10 seconds.